Map: Odyssey LE

Players

lllLlll

  • Race: Terran Terran
  • League: Diamond
  • Spawn Location: 5:00

Florencio - Winner!

  • Race: Protoss Protoss
  • League: Silver
  • Spawn Location: 11:00

VOD

Have the link to the VOD?

Description

Time

  • Played on: July 16, 2017, 10:36 p.m.
  • Length: 6:11
Show
View Real Time Build Order
Export as new Build Order

lllLlll Terran 

Build Orders:  

Get SALT Encoding   

  12  0:01  SCV  
  13  0:13  SCV  
  14  0:18  Supply Depot  
  14  0:25  SCV  
  15  0:40  SCV  
  15  0:41  Barracks  
  16  0:52  SCV  
  17  1:04  SCV  
  18  1:16  SCV  
  19  1:20  Command Center  
  19  1:28  Marine  
  19  1:29  SCV  
  21  1:39  Supply Depot  
  21  1:41  SCV  
  21  1:47  Marine  
  23  1:59  Orbital Command  
  23  2:09  Marine  
  23  2:14  Refinery, Bunker  
  24  2:17  Barracks  
  24  2:26  SCV  
  24  2:27  Marine  
  26  2:41  Orbital Command  
  26  2:55  Marine  
  26  3:07  Marine  
  24  3:13  Marine  
  24  3:25  Marine  
  24  3:31  Marine  
  23  3:39  SCV x2  
  23  3:43  Marine  
  23  3:48  Marine  
  24  3:59  Barracks  
  24  4:01  Marine  
  25  4:06  Marine, SCV x2  
  22  4:18  Marine  
  17  4:24  Marine  
  17  4:27  Orbital Command  
  17  4:28  SCV  
  18  4:36  Marine  
  18  4:42  Marine  
  18  4:47  Marine  
  18  4:51  Supply Depot  
  19  4:54  Marine  
  20  5:00  Marine  
  20  5:04  Marine  
  22  5:12  Marine  
  10  5:22  Marine  
  9  5:30  Marine  
  4  5:40  Marine  
  4  5:47  Marine, SCV  
Show
View Real Time Build Order
Export as new Build Order

Florencio Protoss - Winner!

Build Orders: 1 Gate Expand 

Get SALT Encoding   

  12  0:04  Probe (Chrono Boost)  
  14  0:14  Probe (Chrono Boost)  
  14  0:23  Pylon  
  14  0:25  Probe (Chrono Boost)  
  15  0:41  Probe (Chrono Boost)  
  16  0:45  Gateway  
  16  0:52  Probe (Chrono Boost)  
  16  0:53  Assimilator  
  17  1:02  Probe (Chrono Boost)  
  18  1:13  Probe (Chrono Boost)  
  19  1:23  Probe (Chrono Boost)  
  20  1:28  Nexus  
  20  1:37  Probe (Chrono Boost)  
  21  1:44  Cybernetics Core  
  21  1:52  Pylon  
  21  2:04  Pylon  
  20  2:12  Probe (Chrono Boost)  
  20  2:15  Forge  
  21  2:23  Probe (Chrono Boost)  
  21  2:27  Pylon  
  22  2:41  Mothership Core (Chrono Boost)  
  24  2:46  Pylon  
  24  2:48  Pylon  
  23  2:54  Probe (Chrono Boost)  
  24  2:59  Probe (Chrono Boost)  
  25  3:11  Pylon  
  25  3:14  Pylon  
  25  3:18  Probe (Chrono Boost)  
  25  3:30  Pylon  
  25  3:32  Pylon  
  25  3:33  Pylon  
  25  3:35  Probe (Chrono Boost)  
  25  3:47  Pylon  
  25  3:52  Mothership Core (Chrono Boost)  
  24  4:02  Photon Cannon  
  24  4:03  Photon Cannon  
  24  4:06  Photon Cannon  
  24  4:10  Probe (Chrono Boost)  
  25  4:21  Probe (Chrono Boost)  
  25  4:23  Pylon  
  26  4:25  Pylon  
  26  4:33  Pylon  
  26  4:43  Mothership Core (Chrono Boost)  
  11  5:24  Photon Cannon  
  11  5:26  Photon Cannon  
  11  5:28  Photon Cannon  
  7  5:45  Probe (Chrono Boost)  
  8  5:56  Probe (Chrono Boost)  
Tags
 
Add a new tag
Caveats
  • Supply blocks, unpowered buildings, or Contaminate may cause inaccurate times.
  • Supply counts are checked every 10 seconds.